 Dungeon Crawl Stone Soup version 0.12.2-14-g7c90c79 (webtiles) character file.

296 Gabry the Shield-Bearer (level 5, -3/50 HPs)
             Began as a Minotaur Fighter on Aug 8, 2013.
             Splashed by acid (13 damage)
             ... on Level 3 of the Dungeon.
             The game lasted 00:10:23 (1589 turns).

Gabry the Shield-Bearer (Minotaur Fighter)          Turns: 1589, Time: 00:10:23

HP  -3/50        AC  7     Str 21      XL: 5   Next: 78%
MP   1/1         EV  6     Int  4      God:
Gold 58          SH 20     Dex 10      Spells:  0 memorised,  4 levels left

Res.Fire  : . . .   See Invis. : .   a - +0 mace
Res.Cold  : . . .   Warding    : .   b - +0 scale mail
Life Prot.: . . .   Conserve   : .   c - +0 shield
Res.Poison: .       Res.Corr.  : .   (helmet restricted)
Res.Elec. : .       Clarity    : .   (no cloak)
Sust.Abil.: . .     Spirit.Shd : .   (no gloves)
Res.Mut.  : .       Stasis     : .   (no boots)
Res.Rott. : .       Ctrl.Telep.: .   (no amulet)
Saprovore : . . .   Flight     : .   (no ring)
                                     (no ring)

@: slightly resistant to hostile enchantments, extremely unstealthy
A: retaliatory headbutt, hooves 1, horns 2, +10% hp, Int -1
a: no special abilities


You were on level 3 of the Dungeon.
You were not hungry.

You visited 1 branch of the dungeon, and saw 3 of its levels.

You collected 38 gold pieces.

Inventory:

Hand weapons
 a - a +0,+0 mace (weapon)
 g - a +0,+0 dagger
 h - a +2,+0 elven dagger (quivered)
Armour
 b - a +0 scale mail (worn)
 c - a +0 shield (worn)
 j - a +2 orcish ring mail
Comestibles
 d - 3 bread rations
Scrolls
 e - a scroll of teleportation {unknown}
 f - a scroll of enchant weapon II {unknown}
 k - a scroll of identify {unknown}
 l - 2 scrolls of enchant armour {unknown}
 m - a scroll of recharging {unknown}
 n - a scroll of blinking {unknown}
 o - a scroll of remove curse {unknown}
Potions
 i - a potion of curing


   Skills:
 + Level 4.3 Fighting
 + Level 3.4 Maces & Flails
 + Level 5.1 Armour
 + Level 2.0 Dodging
 + Level 5.2 Shields
 + Level 0.4 Traps


You had 4 spell levels left.
You didn't know any spells.

Dungeon Overview and Level Annotations

Branches:
Dungeon (3/27)

Altars:


Innate Abilities, Weirdness & Mutations

You reflexively headbutt those who attack you in melee.
You have a pair of horns on your head.
You have large cloven feet.
You are dopey (Int -1).
You are robust (+10% HP).


Message History

You kill the jelly!
You hit the jelly. Your headbutt misses the jelly.
The jelly is severely wounded.
You block the jelly's attack.
You hit the jelly. You kick the jelly.
The jelly is almost dead.
You block the jelly's attack.
You hit the jelly.
You kill the jelly!
Your Dodging skill increases to level 2!
The jelly hits you.
You are splashed with acid!
The acid burns!
* * * LOW HITPOINT WARNING * * *
Drink which item? (? for menu, Esc to quit)
You feel better.
You hit the jelly.
The jelly is lightly wounded.
You block the jelly's attack. The jelly hits you.
* * * LOW HITPOINT WARNING * * *
You are splashed with acid!
The acid burns!
You die...

.... #.# #(#
.###.##.####.# #.
#.......#.# #.
#.....(.#.# ##
#######.#.#
##f##.##.##...#######
......≈..##.....>.....
..........##...........
≈..........J@.#########
..≈.......##..#
...≈.....#####
##(##.##.# # ## ###


You could see a jelly.

Vanquished Creatures
  A scorpion (D:3)
  Jessica (D:3)
  6 jellies (D:3)
  Terence (D:2)
  A gnoll (D:1)
  3 adders
  A worm (D:2)
  2 giant geckos
  4 bats
  3 giant cockroaches (D:1)
  5 goblins
  4 hobgoblins
  2 ball pythons
  2 giant newts (D:1)
  11 kobolds
  5 rats
52 creatures vanquished.

Notes
Turn   | Place    | Note
--------------------------------------------------------------
     0 | D:1      | Gabry, the Minotaur Fighter, began the quest for the Orb.
     0 | D:1      | Reached XP level 1. HP: 19/19 MP: 0/0
   174 | D:1      | Reached XP level 2. HP: 26/26 MP: 0/0
   187 | D:1      | Reached skill level 4 in Armour
   709 | D:1      | Reached XP level 3. HP: 30/33 MP: 1/1
  1014 | D:2      | Reached skill level 1 in Dodging
  1115 | D:2      | Noticed Terence
  1126 | D:2      | Killed Terence
  1128 | D:2      | Reached XP level 4. HP: 23/40 MP: 1/1
  1416 | D:3      | Noticed Jessica
  1425 | D:3      | Killed Jessica
  1456 | D:3      | Reached XP level 5. HP: 31/46 MP: 1/1
  1457 | D:3      | Gained mutation: You are dopey (Int -1). [potion of mutation]
  1457 | D:3      | Gained mutation: You have large cloven feet. [potion of mutation]
  1457 | D:3      | Gained mutation: You are robust (+10% HP). [potion of mutation]
  1565 | D:3      | Reached skill level 5 in Armour
  1571 | D:3      | Reached skill level 5 in Shields
  1589 | D:3      | Splashed by acid

Action                   |  1- 3 |  4- 6 || total
-------------------------+-------+-------++-------
Melee: Mace              |    84 |    64 ||   148
  Use: Potion            |       |     3 ||     3
